Map: [ESL] Goldenaura

Players

Krystianer - Winner!

  • Race: Protoss Protoss
  • Spawn Location: 12:00

GunGFuBanDa

  • Race: Protoss Protoss
  • Spawn Location: 5:00

Event: ESL SC2 Masters 2023 Winter (Regional)

VOD

Have the link to the VOD?

Description

Time

  • Played on: Nov. 11, 2023, 10:43 a.m.
  • Length: 14:30

All games in this series

Show
View Real Time Build Order
Export as new Build Order

Krystianer Protoss - Winner!

Build Orders: Phoenix Opening, Blink Stalkers, Dark Templar Rush 

Get SALT Encoding   

  12  0:00  Probe  
  13  0:12  Probe  
  14  0:16  Pylon  
  14  0:24  Probe (Chrono Boost)  
  16  0:36  Probe (Chrono Boost)  
  16  0:37  Gateway  
  16  0:43  Probe (Chrono Boost)  
  16  0:46  Assimilator  
  17  0:50  Probe  
  17  0:54  Assimilator  
  18  1:03  Probe (Chrono Boost)  
  19  1:08  Gateway  
  20  1:12  Probe (Chrono Boost)  
  20  1:17  Probe (Chrono Boost)  
  20  1:24  Cybernetics Core  
  21  1:29  Probe  
  22  1:34  Pylon  
  22  1:41  Probe  
  23  1:53  Probe  
  24  2:00  Sentry, Stalker  
  28  2:02  Warp Gate (Chrono Boost)  
  28  2:05  Probe  
  29  2:09  Pylon  
  29  2:17  Probe  
  30  2:27  Stalker  
  32  2:30  Stalker, Phoenix  
  34  2:50  Nexus  
  34  2:54  Probe  
  35  3:04  Twilight Council  
  35  3:06  Probe  
  36  3:13  Pylon  
  36  3:18  Probe  
  37  3:30  Probe  
  38  3:41  Dark Shrine  
  38  3:44  Stalker x2, Probe  
  43  3:54  Blink (Chrono Boost)  
  43  3:56  Probe (Chrono Boost)  
  43  4:02  Probe (Chrono Boost)  
  45  4:08  Probe (Chrono Boost)  
  46  4:11  Probe (Chrono Boost)  
  46  4:13  Probe (Chrono Boost)  
  46  4:16  Probe (Chrono Boost)  
  48  4:22  Probe  
  48  4:23  Pylon  
  51  4:31  Probe  
  51  4:34  Probe  
  51  4:37  Adept x2  
  56  4:44  Nexus  
  56  4:46  Probe  
  56  4:49  Probe  
  58  4:54  Pylon  
  58  4:58  Probe  
  59  5:02  Probe  
  60  5:10  Probe  
  60  5:12  Robotics Facility  
  61  5:14  Stalker x2, Probe  
  62  5:22  Probe  
  62  5:26  Probe, Pylon  
  64  5:28  Forge  
  64  5:34  Probe  
  65  5:38  Probe, Stalker x2  
  70  5:46  Gateway x2, Probe (Chrono Boost)  
  70  5:49  Shield Battery  
  71  5:55  Probe (Chrono Boost)  
  73  5:57  Probe (Chrono Boost)  
  73  5:59  Probe (Chrono Boost)  
  73  6:00  Observer  
  73  6:01  Stalker x2  
  80  6:04  Protoss Ground Weapons Level 1 (Chrono Boost)  
  80  6:05  Probe (Chrono Boost)  
  80  6:10  Charge  
  82  6:17  Gateway  
  80  6:18  Gateway  
  80  6:22  Gateway  
  80  6:24  Gateway  
  80  6:29  Stalker  
  80  6:30  Stalker  
  84  6:36  Probe  
  84  6:38  Nexus, Probe  
  86  6:40  Probe  
  86  6:42  Pylon  
  86  6:46  Photon Cannon  
  87  6:49  Probe  
  87  6:50  Probe  
  87  6:53  Warp Prism (Chrono Boost), Probe  
  90  7:01  Probe  
  93  7:02  Probe  
  93  7:06  Stalker  
  93  7:07  Zealot x2  
  100  7:11  Pylon, Probe  
  100  7:14  Photon Cannon  
  101  7:20  Pylon  
  101  7:21  Pylon  
  101  7:28  Observer (Chrono Boost)  
  102  7:30  Zealot  
  102  7:31  Zealot x2  
  102  7:36  Probe  
  108  7:38  Zealot  
  108  7:39  Zealot x4, Pylon  
  118  7:45  Probe  
  118  7:47  Observer, Pylon  
  120  7:52  Protoss Ground Weapons Level 2 (Chrono Boost)  
  120  8:04  Zealot x8  
  136  8:07  Probe  
  136  8:11  Probe  
  136  8:12  Probe  
  139  8:16  Probe  
  128  8:30  Zealot x7  
  128  8:32  Probe x2  
  140  8:34  Probe  
  140  8:37  Probe  
  140  8:43  Assimilator  
  140  8:44  Probe  
  140  8:47  Photon Cannon  
  141  8:54  Stalker x7  
  141  8:55  Nexus  
  155  8:57  Probe  
  155  8:59  Photon Cannon  
  155  9:01  Probe  
  156  9:04  Probe  
  156  9:05  Pylon  
  156  9:07  Pylon  
  156  9:20  Nexus  
  156  9:21  Pylon  
  156  9:23  Pylon  
  156  9:24  Probe  
  157  9:32  Gateway x2  
  157  9:35  Gateway  
  157  9:38  Gateway  
  157  9:40  Warp Prism (Chrono Boost)  
  157  9:41  Pylon  
  157  9:43  Pylon  
  153  9:46  Zealot x8  
  153  9:47  Probe  
  153  9:49  Probe  
  153  9:50  Forge  
  171  9:53  Probe  
  171  9:56  Probe  
  150  10:14  Stalker  
  150  10:15  Stalker x7  
  150  10:16  Probe  
  150  10:19  Photon Cannon, Shield Battery  
  167  10:21  Photon Cannon  
  167  10:23  Photon Cannon  
  167  10:24  Probe, Protoss Ground Weapons Level 3 (Chrono Boost)  
  167  10:25  Pylon  
  164  10:38  Zealot  
  164  10:39  Zealot x8  
  182  10:43  Protoss Ground Armor Level 1 (Chrono Boost)  
  182  10:49  Observer  
  146  10:58  Zealot x3  
  146  10:59  Observer  
  146  11:01  Probe (Chrono Boost)  
  146  11:03  Probe (Chrono Boost)  
  127  11:05  Probe (Chrono Boost)  
  127  11:06  Zealot  
  127  11:07  Zealot x8  
  134  11:11  Probe (Chrono Boost)  
  134  11:12  Probe (Chrono Boost)  
  137  11:19  Probe (Chrono Boost)  
  137  11:20  Probe (Chrono Boost)  
  137  11:22  Warp Prism (Chrono Boost), Probe (Chrono Boost)  
  137  11:24  Probe (Chrono Boost)  
  135  11:28  Stalker x7  
  135  11:32  Probe x2  
  153  11:33  Probe  
  154  11:41  Zealot x5  
  164  11:47  Photon Cannon x2  
  164  11:54  Stalker x4, Pylon  
  164  11:55  Probe  
  164  11:59  Observer (Chrono Boost)  
  174  12:13  Nexus  
  174  12:14  Probe  
  175  12:22  Zealot x12  
  199  12:26  Pylon  
  195  12:30  Probe  
  195  12:31  Probe  
  166  12:44  Probe  
  166  12:47  Zealot x4  
  166  12:48  Zealot x8  
  166  12:49  Probe  
  178  12:54  Observer  
  171  13:11  Stalker x8  
  180  13:15  Zealot  
  148  13:36  Zealot x10  
  148  13:38  Probe x2  
  168  13:58  Stalker x7  
  179  14:05  Observer x2  
  150  14:22  Stalker  
  150  14:23  Stalker x4  
  144  14:24  Zealot x6  
Show
View Real Time Build Order
Export as new Build Order

GunGFuBanDa Protoss 

Build Orders: Blink Stalkers 

Get SALT Encoding   

  12  0:00  Probe  
  13  0:12  Probe  
  14  0:17  Pylon  
  14  0:24  Probe (Chrono Boost)  
  16  0:36  Probe (Chrono Boost)  
  16  0:37  Gateway  
  16  0:42  Probe (Chrono Boost)  
  16  0:46  Assimilator  
  17  0:51  Probe  
  17  0:55  Assimilator  
  18  1:04  Probe (Chrono Boost)  
  18  1:07  Gateway  
  19  1:13  Probe (Chrono Boost)  
  20  1:19  Probe  
  20  1:24  Cybernetics Core  
  21  1:31  Probe  
  22  1:35  Pylon  
  22  1:43  Probe  
  23  2:00  Stalker  
  23  2:01  Warp Gate, Stalker  
  27  2:02  Probe  
  28  2:14  Probe  
  29  2:20  Pylon  
  29  2:32  Stalker  
  31  2:38  Stalker  
  31  2:42  Probe  
  34  2:58  Nexus  
  33  3:03  Shield Battery  
  33  3:08  Sentry  
  33  3:10  Sentry  
  37  3:17  Pylon  
  37  3:20  Probe  
  37  3:25  Twilight Council  
  38  3:34  Probe (Chrono Boost)  
  39  3:46  Probe (Chrono Boost)  
  40  3:51  Stalker x2  
  40  3:54  Blink (Chrono Boost)  
  40  3:55  Probe (Chrono Boost)  
  45  3:56  Shield Battery  
  45  4:04  Probe (Chrono Boost)  
  46  4:11  Probe (Chrono Boost)  
  48  4:20  Probe (Chrono Boost)  
  48  4:21  Probe (Chrono Boost)  
  49  4:27  Stalker  
  49  4:28  Probe (Chrono Boost)  
  52  4:31  Robotics Facility  
  52  4:35  Probe (Chrono Boost)  
  53  4:44  Probe (Chrono Boost)  
  54  4:46  Probe (Chrono Boost)  
  54  4:51  Probe  
  56  4:55  Probe  
  56  4:56  Stalker, Pylon  
  56  4:57  Stalker  
  61  5:03  Probe  
  62  5:10  Pylon  
  62  5:19  Observer (Chrono Boost)  
  63  5:24  Nexus, Probe x2  
  65  5:29  Pylon  
  65  5:33  Stalker  
  67  5:36  Observer (Chrono Boost), Probe x2  
  67  5:41  Pylon  
  70  5:48  Probe x2, Forge  
  70  5:49  Assimilator  
  72  6:00  Probe x2  
  74  6:04  Shield Battery  
  74  6:12  Probe  
  74  6:13  Protoss Ground Weapons Level 1 (Chrono Boost), Probe  
  74  6:17  Pylon  
  76  6:20  Sentry  
  76  6:21  Stalker  
  76  6:23  Observer  
  76  6:24  Probe  
  76  6:25  Probe  
  82  6:35  Assimilator  
  82  6:36  Dark Shrine, Pylon  
  82  6:38  Probe x2 (Chrono Boost)  
  84  6:40  Gateway  
  84  6:41  Gateway  
  84  6:45  Probe (Chrono Boost)  
  88  6:54  Probe x2 (Chrono Boost)  
  88  6:55  Probe (Chrono Boost)  
  88  6:58  Gateway  
  88  6:59  Stalker x2  
  88  7:00  Probe (Chrono Boost)  
  88  7:01  Probe x2  
  95  7:12  Probe  
  95  7:13  Probe x2  
  95  7:14  Gateway  
  98  7:16  Assimilator  
  98  7:23  Robotics Bay  
  98  7:24  Probe  
  98  7:25  Probe, Shield Battery, Stalker x2  
  104  7:34  Pylon  
  104  7:37  Photon Cannon  
  104  7:39  Pylon  
  104  7:40  Probe  
  104  7:42  Stalker x2  
  109  7:46  Shadow Stride (Chrono Boost)  
  109  7:52  Assimilator  
  109  7:54  Dark Templar x2  
  109  7:57  Stalker  
  115  8:08  Dark Templar  
  115  8:11  Dark Templar  
  119  8:25  Protoss Ground Weapons Level 2 (Chrono Boost)  
  119  8:34  Pylon  
  119  8:36  Pylon  
  119  8:38  Pylon  
  119  8:40  Dark Templar  
  119  8:50  Gateway, Photon Cannon  
  119  8:54  Gateway, Photon Cannon, Shield Battery  
  119  8:55  Gateway  
  119  8:56  Shield Battery, Pylon  
  119  8:57  Pylon  
  119  8:58  Stalker x3  
  125  9:05  Observer  
  125  9:15  Stalker  
  125  9:16  Disruptor (Chrono Boost), Stalker x2  
  131  9:21  Nexus  
  131  9:22  Pylon  
  133  9:30  Charge  
  132  9:34  Gateway  
  132  9:41  Stalker x3  
  132  9:42  Stalker x3  
  132  9:43  Disruptor (Chrono Boost)  
  148  9:52  Photon Cannon  
  146  10:05  Shield Battery  
  138  10:12  Stalker x8  
  138  10:13  Stalker  
  156  10:16  Nexus  
  156  10:23  Disruptor (Chrono Boost)  
  159  10:35  Pylon  
  159  10:50  Disruptor (Chrono Boost)  
  159  10:52  Protoss Ground Weapons Level 3 (Chrono Boost)  
  159  10:54  Zealot, Stalker x6  
  159  10:55  Zealot  
  161  11:03  Zealot  
  137  11:07  Observer  
  137  11:16  Nexus  
  137  11:23  Disruptor (Chrono Boost)  
  137  11:24  Dark Templar x2  
  139  11:32  Shield Battery  
  142  11:33  Photon Cannon  
  142  11:35  Dark Templar  
  142  11:39  Shield Battery  
  144  11:53  Dark Templar  
  146  12:00  Stalker x4  
  154  12:01  Probe x2  
  154  12:02  Probe  
  157  12:08  Disruptor (Chrono Boost)  
  157  12:15  Probe x2  
  157  12:32  Stalker x5  
  157  12:33  Zealot x4  
  156  12:44  Zealot  
  120  12:57  Observer (Chrono Boost)  
  109  13:05  Stalker x4  
  111  13:06  Stalker x3  
  111  13:07  Sentry  
  111  13:09  Disruptor (Chrono Boost)  
  119  13:19  Dark Templar  
  99  13:46  Dark Templar x4  
  107  13:50  Zealot x2  
  105  14:07  Stalker x2  
  109  14:12  Zealot x2  
  109  14:14  Zealot x2  
Tags
 
Add a new tag
Caveats
  • Supply blocks, unpowered buildings, or Contaminate may cause inaccurate times.
  • Supply counts are checked every 10 seconds.